 Dungeon Crawl Stone Soup version 0.27-a0-1136-g0b992a5a9d (webtiles) character file.

Game seed: 3410856133878501378

64 Lanoc the Insei (level 3, -3/26 HPs)
             Began as a Vampire Transmuter on May 4, 2021.
             Was a Believer of Uskayaw.
             Slain by a gnoll
             ... wielding a +0 club
              (7 damage)
             ... on level 3 of the Dungeon.
             The game lasted 00:02:34 (1333 turns).

Lanoc the Insei (Vampire Transmuter)                Turns: 1333, Time: 00:02:34

Health: -3/26      AC:  2    Str:  9    XL:     3   Next: 91%
Magic:  3/6        EV: 13    Int: 15    God:    Uskayaw [**....]
Gold:   33         SH:  0    Dex: 15    Spells: 3/6 levels left

rFire    . . .     SeeInvis +     - Unarmed
rCold    + . .     Faith    .   (no shield)
rNeg     . . .     Spirit   .   a - +0 robe
rPois    .         Reflect  .   (helmet currently unavailable)
rElec    .         Harm     .   (no cloak)
rCorr    .         Rampage  .   (no gloves)
Will     .....                  (boots currently unavailable)
Stlth    +.........             (no amulet)
HPRegen  0.28/turn              e - ring of protection from cold
MPRegen  0.10/turn              (no ring)

@: appendages, wereblooded, healing quickly
A: horns 2, talons 2, alive, fangs 3, see invisible, unbreathing 1, vampiric 2
a: Exsanguinate, End Transformation, Renounce Religion, Stomp, Line Pass


You were on level 3 of the Dungeon.
You worshipped Uskayaw.
Uskayaw was noncommittal.
You had temporarily grown beastly horns and talons.
You visited 1 branch of the dungeon, and saw 3 of its levels.

You collected 33 gold pieces.

Inventory:

Armour
 a - a +0 robe (worn)
Jewellery
 e - a ring of protection from cold (left hand)
Scrolls
 c - 2 scrolls of fear {unknown}
 d - a scroll of enchant weapon {unknown}
 f - a scroll of magic mapping {unknown}
Potions
 b - a potion of flight {unknown}
 g - 2 potions of degeneration {unknown}
 h - a potion of curing {unknown}


   Skills:
 + Level 1.4 Fighting
 + Level 2.7 Dodging
 * Level 4.0 Unarmed Combat
 - Level 2.0 Spellcasting
 * Level 3.1 Transmutations
 + Level 0.6 Invocations


You had 3 spell levels left.
You knew the following spells:

 Your Spells              Type           Power      Damage    Failure   Level
g - Wereblood             Tmut           11%        N/A       9%          2
h - Beastly Appendage     Tmut           22%        N/A       6%          1

Your spell library contained the following spells:

 Spells                   Type           Power      Damage    Failure   Level
 Spider Form              Tmut/Pois      3%         N/A       34%         3
 Ice Form                 Ice/Tmut       6%         N/A       75%         4
 Hydra Form               Tmut           5%         N/A       86%         5


Dungeon Overview and Level Annotations

Branches:
Dungeon (3/15)

Altars:
Uskayaw


Innate Abilities, Weirdness & Mutations

You have temporarily grown beastly horns and talons.
Your natural rate of healing is accelerated.
You have razor-sharp teeth.
You have supernaturally acute eyesight. (SInv)
You can survive without breathing.
You are afflicted with vampirism and can become a bat while bloodless.


Message History

Memorise Wereblood, consuming 2 spell levels and leaving 3?
You start memorising the spell.
You continue memorising. x2
You finish memorising.
Spell assigned to 'a'.
You climb downwards.
The gnoll misses you. The gnoll barely misses you.
There is a stone staircase leading up here.
Adjust (i)tems, (s)pells, or (a)bilities?
Adjust which spell? a - Wereblood Adjust to which letter? g - Wereblood
Casting: Beastly Appendage (safe; 6% risk of failure)
Confirm with . or Enter, or press ? or * to list all spells.
You grow a pair of large bovine horns.
Your feet morph into talons.
The gnoll hits you with a +0 club!
Casting: Beastly Appendage (safe; 6% risk of failure)
Confirm with . or Enter, or press ? or * to list all spells.
Your blood is infused with primal strength.
The gnoll completely misses you. The gnoll misses you.
You hit the gnoll.
The gnoll is lightly wounded.
The gnoll closely misses you. x2
You hit the gnoll but do no damage. Your kick misses the gnoll.
The gnoll is lightly wounded.
The gnoll barely misses you. The gnoll hits you with a +0 club.
You hit the gnoll. Your punch misses the gnoll. You bite the gnoll.
The gnoll is severely wounded.
The gnoll closely misses you.
You can now pass through a line of other dancers.
You hit the gnoll but do no damage. Your kick misses the gnoll.
The gnoll is severely wounded.
The gnoll completely misses you.
The gnoll hits you from afar with a +0 halberd!
* * * LOW HITPOINT WARNING * * *
You closely miss the gnoll. You bite the gnoll, but do no damage.
The gnoll is severely wounded.
The gnoll closely misses you. x2
You hit the gnoll. Your headbutt misses the gnoll.
The gnoll is almost dead.
The gnoll hits you with a +0 club!
You die...

#..###.....g........
#
##.####.######....)..
#. #..###..# #.......
#.#####.##.g.##
#.......
#........g.###
#....(.# ###.....####
#.#....# #..#..##
#......# #.#....####
#####..# #.
#.##.g.@######## #...
. #. ####g.<......
###. .. #########. #.
.. #. #. #...)# ..
##... #... .[...
###...


You could see 2 gnolls.

Vanquished Creatures
  An iguana (D:3)
  A gnoll (D:3)
  An ufetubus (D:3)
  An adder skeleton (D:2)
  A ball python (D:1)
  2 bats
  2 endoplasms
  2 giant cockroaches
  4 goblins
  2 quokkas
  A frilled lizard (D:2)
  A kobold (D:2)
  A rat (D:1)
20 creatures vanquished.

Notes
Turn   | Place    | Note
-------+----------+-------------------------------------------
     0 | D:1      | Lanoc the Vampire Transmuter began the quest for the Orb.
     0 | D:1      | Reached XP level 1. HP: 14/14 MP: 3/3
   176 | D:1      | Reached skill level 1 in Fighting
   423 | D:2      | Reached XP level 2. HP: 21/21 MP: 3/5
   787 | D:2      | Found a faded altar of an unknown god.
   814 | D:2      | Became a worshipper of Uskayaw the Reveller
   814 | D:2      | Reached * piety under Uskayaw
  1047 | D:3      | Reached ** piety under Uskayaw
  1049 | D:3      | Gained mutation: You are afflicted with vampirism and can
                  | become a bat while bloodless. [Vampire growth]
  1049 | D:3      | Reached XP level 3. HP: 22/26 MP: 4/6
  1234 | D:3      | Reached skill level 4 in Unarmed Combat
  1324 | D:2      | Learned a level 2 spell: Wereblood
  1333 | D:3      | Slain by a gnoll

Illustrated notes

Levels and vault maps discovered:
D:1:      psy_arrival_basics, layout_loops_ring, serial_forest,
          infiniplex_forest_end_3, infiniplex_forest_fountain,
          infiniplex_forest_clump_cross, infiniplex_forest_fountain,
          infiniplex_forest_lined_corner, infiniplex_forest_lined_room_2,
          infiniplex_forest_end_double, infiniplex_forest_straight_2
D:2:      wander_river, layout_loops_ring,
          hellmonk_ecumenical_altar_inner_sanctum
D:3:      layout_rooms

Skill      XL: |  1  2  3 |
---------------+----------+-----
Fighting       | 1 |  1.4
Transmutations | 3 |  3.1
Unarmed Combat | 4 |  4.0
Dodging        | |  2.7
Spellcasting   | |  2.0
Invocations    | |  0.6

Action                   || total
-------------------------++-------
Melee: Unarmed           ||    67
       Kick              ||    10
       Headbutt          ||     6
       Bite              ||     6
 Cast: Beastly Appendage ||    17
       Wereblood         ||     1
 Abil: Exsanguinate      ||     1
Armor: Robe              ||    12
Dodge: Dodged            ||    47

Table legend: (Time is in decaauts)
 A = Elapsed time spent in this place.
 B = Non-inter-level travel time spent in this place.
 C = Inter-level travel time spent in this place.
 D = Time resting spent in this place.
 E = Time spent auto-exploring this place.
 F = Levels seen in this place.
 G = Mean time per level.
                   A        B        C        D        E       F      G
               +--------+--------+--------+--------+--------+-----+--------+
         Total |   1342 |   1301 |     41 |     55 |   1054 |   3 |  447.3 |
       Dungeon |   1342 |   1301 |     41 |     55 |   1054 |   3 |  447.3 |
               +--------+--------+--------+--------+--------+-----+--------+

Top non-repeatable levels by time:
     D:2: 836 daAuts
     D:3: 260 daAuts
     D:1: 245 daAuts
